Frizzbo, chaotic female sylph Rogue -------- ----------- |......| |.[/).%?).| ----- #-...._.| |[*!..*..?| |..>. #|......| |.........| |.....# #|......| -----|----- .... # #--...*-- # ---- # ##------ # ### #####fEe `########## # # # # # # # # ## # # # # ------.------.-- # # # ------ |..............| # # ### |...`-#####-...........<..| # ---------# # |``..| |..............| # |.......-# ##-....| ---------------- ####|.......| ------ # |.......| ##........| --------- Frizzbo the Cutpurse Experience level: 4 Strength: 12 Dexterity: 16 Constitution: 15 Intelligence: 12 Wisdom: 11 Charisma: 10 Health: 0(38) Energy: 12(12) Def: 4 Gold: 309 Moves: 2432 Dungeon seed: Rcy1h2nQlrQEECTL Game ID: Frizzbo_1465824025 Your Inventory: Coins $ - 309 gold pieces Weapons G - an uncursed corroded +0 dagger (weapon in hand) M - 7 uncursed +0 darts O - 13 uncursed +0 daggers (in quiver) Q - 2 uncursed +0 daggers Armor e - an uncursed +1 leather armor (being worn) y - an uncursed +0 pair of leather gloves (being worn) z - an uncursed -3 T-shirt N - an uncursed +1 dwarvish cloak Comestibles u - an uncursed carrot x - an uncursed egg S - an uncursed tripe ration Scrolls p - a blessed scroll of fire Potions c - 2 uncursed potions of sickness i - an uncursed potion of gain energy j - an uncursed potion of healing Rings t - an uncursed ring of see invisible Z - an uncursed ring of polymorph control Wands h - an uncursed wand of opening (0:3) m - an uncursed wand of magic missile (0:8) w - an uncursed wand of nothing (0:4) B - an uncursed wand of cold (0:4) R - an uncursed wand of slow monster (0:5) Tools a - an uncursed magic marker (0:64) d - an uncursed lock pick f - an uncursed sack g - an uncursed blindfold o - an uncursed tin opener Gems n - an uncursed worthless piece of orange glass q - an uncursed worthless piece of black glass r - 2 uncursed worthless pieces of blue glass Contents of the sack: an uncursed +0 pick-axe Spells and supernatural/magical abilities: Name Level Category Fail Memory W - pray for help -- divine ? -- Your skills at the end: Miscellaneous Skills wands [Basic] Weapon Skills dagger [Basic] short sword [Basic] Spellcasting Skills healing spells [Basic] Final Attributes: You were piously aligned. You saw invisible. You were stealthy. You were protected from shape changers. You were unlucky. Kos was angry with you. You are dead. Vanquished creatures: a small mimic a little dog a floating eye a homunculus 2 iguanas a wererat a gas spore 2 hobbits an acid blob 2 geckos 2 giant rats a brown mold a green mold a red mold a garter snake 2 jackals 3 kobolds 5 newts 3 sewer rats 9 grid bugs 41 creatures vanquished. Voluntary challenges: You followed a strict vegan diet. You used a wielded weapon 23 times, starting on turn 329. You did not apply a unicorn horn. You read items or engraved 7 times, starting on turn 524. You never genocided any monsters. You never polymorphed an object. You never changed form. You used no wishes. You never split a pudding. You never wrote Elbereth's name. You never violated your personal moral code. Dungeon overview: The Dungeons of Doom: levels 1 to 4 Level 1 a long staircase Level 2 Level 3 an armor shop Level 4 <- You were here a general store, an altar to Issek History has recorded: On T:1 you entered the Dungeons of Doom to retrieve the Amulet of Yendor! On T:353 you reached level 2 of The Dungeons of Doom. On T:596 you advanced to experience level 2. On T:795 you reached level 3 of The Dungeons of Doom. On T:832 you advanced to experience level 3. On T:1146 you advanced to experience level 4. On T:1703 you reached level 4 of The Dungeons of Doom. Score breakdown: Gold: 309 ( 30 points) Experience: 4 levels ( 300 points) Exploration: 4 levels ( 90 points) Discoveries: 9 items ( 450 points) Variety of kills: 20 monsters ( 1000 points) Major goal: (nothing yet) ( 0 points) Survival: died (score multiplied by 3) Total score: 5610 Latest messages: N - a hooded cloak. S - a tripe ration. Taco eats a hobbit corpse. (2x) You stop. Taco is in the way! You hear some noises. O - an uncursed +0 dagger. o - an uncursed tin opener (in quiver). That is a silly thing to drink. O - 13 uncursed +0 daggers (in quiver). You stab the homunculus. The homunculus bites! You kill the homunculus! You stab the floating eye. As you meet its deep, meaningful gaze, you feel its suffering as though it were your own. You stab the floating eye. As you meet its deep, meaningful gaze, you feel its suffering as though it were your own. You hear the howling of the CwnAnnwn... You try to draw healing from your surroundings, but they are blocked off from your skin. You stab the floating eye. As you meet its deep, meaningful gaze, you feel its suffering as though it were your own. You die... Final status: Goodbye Frizzbo the Rogue, killed by vicarious suffering... You died in The Dungeons of Doom on dungeon level 4 with 5610 points, and 309 pieces of gold, after 2432 moves. You were level 4 with a maximum of 38 hit points when you died.